 Dungeon Crawl Stone Soup version 0.28.0-53-g5a82cb258f (webtiles) character file.

Game seed: 12851291842195021564

58 MindTheGap97 the Skirmisher (level 4, 0/41 HPs)
             Began as a Hill Orc Fighter on July 25, 2022.
             Slain by a gnoll
             ... wielding a +0 halberd
              (13 damage)
             ... on level 3 of the Dungeon.
             The game lasted 00:06:59 (2498 turns).

MindTheGap97 the Skirmisher (Hill Orc Fighter)      Turns: 2498, Time: 00:07:00

Health: 0/41       AC:  7    Str: 20    XL:     4   Next: 1%
Magic:  4/4        EV:  9    Int:  8    God:
Gold:   147        SH:  4    Dex: 10    Spells: 3/3 levels left

rFire   . . .      SeeInvis .   a - +0 war axe
rCold   . . .      Faith    .   c - +0 buckler
rNeg    + . .      Spirit   .   b - +0 scale mail
rPois   .          Reflect  .   k - +0 hat
rElec   .          Harm     .   (no cloak)
rCorr   .          Rampage  .   (no gloves)
Will    .....                   (no boots)
Stlth   ..........              (no amulet)
HPRegen 0.13/turn               j - ring of positive energy
MPRegen 0.09/turn               (no ring)

@: no status effects
A: no striking features
a: no special abilities


You were on level 3 of the Dungeon.
You visited 1 branch of the dungeon, and saw 3 of its levels.

You collected 147 gold pieces.

Inventory:

Hand Weapons
 a - a +0 war axe (weapon)
Armour
 b - a +0 scale mail (worn)
 c - a +0 buckler (worn)
 k - a +0 hat (worn)
Jewellery
 j - a ring of positive energy (left hand)
Scrolls
 e - a scroll of summoning {unknown}
 i - a scroll of enchant weapon {unknown}
 l - a scroll of fear {unknown}
Potions
 d - 3 potions of might
 f - a potion of haste {unknown}
 g - a potion of cancellation {unknown}
 h - 2 potions of berserk rage {unknown}
 m - a potion of brilliance {unknown}
 n - a potion of heal wounds {unknown}


   Skills:
 * Level 4.5 Fighting
 + Level 3.4 Axes
 + Level 3.8 Armour
 - Level 3.7 Shields


You had 3 spell levels left.
You didn't know any spells.
Your spell library contained the following spells:

 Spells                   Type           Power      Damage    Failure   Level
 Sandblast                Erth           0%         2d4       85%         1
 Passwall                 Tmut/Erth      0%         N/A       94%         2
 Sublimation of Blood     Necr           0%         N/A       94%         2
 Wereblood                Tmut           0%         N/A       94%         2
 Stone Arrow              Conj/Erth      0%         3d7       99%         3
 Summon Hydra             Summ           0%         N/A       100%        7


Dungeon Overview and Level Annotations

Branches:
Dungeon (3/15)

Altars:

Shops:
D:1 [


Message History

The gnoll barely misses you.
Found a stone staircase leading up.
The gnoll closely misses you.
You slash the gnoll!
The gnoll is almost dead.
The gnoll hits you with a +0 halberd!
A goblin comes into view. It is wielding a +0 club.
You closely miss the gnoll.
The gnoll is almost dead.
The gnoll hits you with a +0 halberd. The gnoll hits you with a +0 halberd!
An ogre comes into view. It is wielding a +0 giant spiked club.
You are too injured to fight recklessly!
You are too injured to fight recklessly!
You are too injured to fight recklessly!
You are too injured to fight recklessly!
You are too injured to fight recklessly!
You are too injured to fight recklessly!
You are too injured to fight recklessly!
You are too injured to fight recklessly!
You are too injured to fight recklessly!
You are too injured to fight recklessly!
You are too injured to fight recklessly!
You are too injured to fight recklessly!
You are too injured to fight recklessly!
You are too injured to fight recklessly!
You are too injured to fight recklessly!
You are too injured to fight recklessly!
You barely miss the gnoll.
The gnoll is almost dead.
The gnoll barely misses you.
You closely miss the gnoll.
The gnoll is severely wounded.
A gnoll comes into view. It is wielding a +0 spear.
The gnoll hits you with a +0 halberd!
* * * LOW HITPOINT WARNING * * *
A gnoll comes into view. It is wielding a +0 spear.
You block the gnoll's attack.
The gnoll shouts!
The gnoll barely misses you.
The gnoll hits you from afar with a +0 halberd!
You die...

#.# #.............##
#.# ##.####.#######
##.## #.####.#
.(..####......#
....#.........#
##.......##...#
..............# +
...#......#...####.#
...#......#.....@..#
.#.##.#.......#.####
...#...#.....##g#
...#.........##O#
.......#.......g#
.....# ###....#g#
..............#.#
.###...#...#..#.# ##
. .....#.....


You could see an ogre, 2 gnolls and a goblin.

Vanquished Creatures
  An adder (D:3)
  A gnoll (D:1)
  A dart slug (D:3)
  5 endoplasms
  3 giant cockroaches (D:1)
  5 goblins (D:1)
  A hobgoblin (D:1)
  A quokka (D:2)
  5 ball pythons
  5 bats
  3 frilled lizards
  3 kobolds
  A rat (D:1)
35 creatures vanquished.

Notes
Turn   | Place    | Note
-------+----------+-------------------------------------------
     0 | D:1      | MindTheGap97 the Hill Orc Fighter began the quest for the
                  | Orb.
     0 | D:1      | Reached XP level 1. HP: 19/19 MP: 1/1
   228 | D:1      | Reached XP level 2. HP: 27/27 MP: 2/2
   367 | D:1      | Found Hiol's Armour Boutique.
   711 | D:1      | Reached skill level 4 in Fighting
   756 | D:1      | Reached XP level 3. HP: 26/33 MP: 3/3
  2456 | D:3      | Reached XP level 4. HP: 37/41 MP: 4/4
  2489 | D:3      | Noticed an ogre
  2498 | D:3      | Slain by a gnoll

Illustrated notes

Levels and vault maps discovered:
D:1:      minmay_arrival_four_loops, layout_basic, serial_shops, shop
D:2:      layout_loops_ring
D:3:      layout_loops_ring, lemuel_crystal_altar,
          nicolae_dithmenos_shadow_blocks, general_overflow_altar,
          ebering_ecumenical_altar_mist, gammafunk_ghost_necromancy,
          hangedman_decor_lopped, roderic_malta_cross, grunt_ministairs_2,
          chequers_serial_rivers_micro_b, kennysheep_big_empty_room,
          uniq_grinder

Skill      XL: |  1  2 |
---------------+-------+-----
Axes           | 3 |  3.4
Fighting       | 4 |  4.5
Armour         | |  3.8
Shields        | |  3.7

Action                   |  1- 3 |  4- 6 || total
-------------------------+-------+-------++-------
Melee: War axe           |    90 |     4 ||    94
Armor: Scale mail        |    47 |       ||    47
Dodge: Dodged            |    37 |     4 ||    41
Block: Buckler           |    16 |     1 ||    17
